 Dungeon Crawl Stone Soup version 0.22-a0-558-gc224181 (webtiles) character file.

352 Hebeh the Chopper (level 6, -1/56 HPs)
             Began as a Minotaur Fighter on June 27, 2018.
             Splashed by Pikel's acid (11 damage)
             ... on level 4 of the Dungeon.
             The game lasted 00:06:26 (2327 turns).

Hebeh the Chopper (Minotaur Fighter)                Turns: 2327, Time: 00:06:29

Health: -1/56      AC:  7    Str: 22    XL:     6   Next: 35%
Magic:  5/5        EV:  7    Int:  5    God:
Gold:   182        SH: 10    Dex: 10    Spells: 5/5 levels left

rFire    . . .     SeeInvis .   a - +0 war axe
rCold    . . .     Gourm    .   c - +0 shield
rNeg     . . .     Faith    .   b - +0 scale mail
rPois    .         Spirit   .   (helmet restricted)
rElec    .         Reflect  .   (no cloak)
rCorr    .         Harm     .   (no gloves)
MR       .....                  (no boots)
Stlth    ..........             (no amulet)
HPRegen  0.18/turn              (no ring)
MPRegen  0.09/turn              (no ring)

@: no status effects
A: retaliatory headbutt, horns 2
a: no special abilities


You were on level 4 of the Dungeon.
You were not hungry.

You visited 1 branch of the dungeon, and saw 4 of its levels.

You collected 182 gold pieces.

Inventory:

Hand Weapons
 a - a +0 war axe (weapon)
Armour
 b - a +0 scale mail (worn)
 c - a +0 shield (worn)
Jewellery
 e - a +3 ring of strength {unknown}
 q - a +4 ring of dexterity {unknown}
 r - an uncursed amulet of magic regeneration {unknown}
Wands
 v - a wand of acid (19)
Scrolls
 g - 5 scrolls of remove curse {unknown}
 i - 4 scrolls of teleportation {unknown}
 j - 2 scrolls of noise {unknown}
 k - 2 scrolls of amnesia {unknown}
 m - a scroll of fear {unknown}
 s - a scroll of identify {unknown}
 t - a scroll of fog {unknown}
Potions
 d - 3 potions of might
 h - 2 potions of heal wounds {unknown}
 l - 2 potions of cancellation {unknown}
 n - 2 potions of curing {unknown}
 p - a potion of brilliance {unknown}
 u - a potion of invisibility {unknown}
Comestibles
 f - 9 rations


   Skills:
 + Level 5.0 Fighting
 * Level 5.5 Axes
 + Level 5.0 Armour
 + Level 5.0 Shields


You had 5 spell levels left.
You didn't know any spells.
Your spell library was empty.

Dungeon Overview and Level Annotations

Branches:
Dungeon (4/15)
 Temple: D:4-7

Altars:
Elyvilon
Xom
Zin

Annotations:
D:4 Pikel


Innate Abilities, Weirdness & Mutations

You reflexively headbutt those who attack you in melee.
You have a pair of horns on your head.


Message History

You closely miss the slave. You slash the slave! The slave hits you!
You block the slave's attack. The slave completely misses you.
You slash the slave! You headbutt the slave.
The slave is severely wounded.
You barely miss the slave. The slave hits you! The slave hits you. x2
You slash the slave!
The slave is almost dead.
You hit the slave. The slave hits you but does no damage.
You block the slave's attack.
You closely miss the slave.
The slave is almost dead.
You barely miss the slave. You block the slave's attack.
The slave completely misses you. You block the slave's attack.
You slash the slave!
You kill the slave!
That felt strangely unrewarding.
You miss the slave.
Pikel zaps a wand.
The bolt of acid hits you!
* * * LOW HITPOINT WARNING * * *
You are splashed with acid!
The acid burns!
You die...

..(......######.#
.........
.........+.....>.
........#
#........###.###.
.....Kp.#
#........###.# #(
........#
#........'...# #.
......#
#........#######.
.p..
######..........
###+#.#######
###'#########
#......ppK[@#
#.....#
#.#...#####p#
#.....# #.....#
#.# #.....#
###...# ###.##
#####.# ...#.#
#....# #.#
.....>. #....#
#.# ......##
#.)..# #.# ......
#.#### #.###
#.######## #.#..


You could see Pikel and 3 slaves.

Vanquished Creatures
  Eustachio (D:4)
  A slave (D:4)
  An orc priest (D:3)
  2 jellies (D:2)
  A worker ant (D:4)
  A gnoll (D:1)
  4 adders
  A leopard gecko (D:2)
  5 orcs (D:3)
  A giant cockroach (D:3)
  10 hobgoblins
  An iguana (D:2)
  3 jackals (D:2)
  5 kobolds
  A quokka (D:3)
  A ball python (D:2)
  4 bats
  3 frilled lizards (D:1)
  2 goblins (D:1)
  7 rats (D:1)
55 creatures vanquished.

Notes
Turn   | Place    | Note
-------+----------+-------------------------------------------
     0 | D:1      | Hebeh the Minotaur Fighter began the quest for the Orb.
     0 | D:1      | Reached XP level 1. HP: 19/19 MP: 0/0
    67 | D:1      | Reached XP level 2. HP: 26/27 MP: 1/1
   463 | D:1      | Reached XP level 3. HP: 32/33 MP: 2/2
   863 | D:2      | Found a shimmering altar of Xom.
   876 | D:2      | Reached XP level 4. HP: 36/40 MP: 3/3
  1448 | D:3      | Reached XP level 5. HP: 29/47 MP: 4/4
  1619 | D:3      | Found a white marble altar of Elyvilon.
  1653 | D:3      | Found a glowing silver altar of Zin.
  2297 | D:4      | Noticed Eustachio
  2301 | D:4      | Killed Eustachio
  2301 | D:4      | Reached skill level 5 in Fighting
  2301 | D:4      | Reached skill level 5 in Axes
  2301 | D:4      | Reached skill level 5 in Armour
  2301 | D:4      | Reached skill level 5 in Shields
  2301 | D:4      | Reached XP level 6. HP: 45/56 MP: 5/5
  2314 | D:4      | Noticed Pikel
  2314 | D:4      | Noticed a slave
  2314 | D:4      | Noticed a slave
  2314 | D:4      | Noticed a slave
  2314 | D:4      | Noticed a slave
  2327 | D:4      | Killed a slave
  2327 | D:4      | Splashed by Pikel's acid

Vault maps used:
D:1:      dpeg_arrival_court, corexii_item_surrounded_by_moat
D:2:      dk_xom_monty_hall
D:3:      lemuel_doored_altar, elyvilon_altar_4
D:4:      first_ration, uniq_eustachio, uniq_pikel, uniq_duvessa, uniq_grinder

Skill      XL: |  1  2  3  4  5 |
---------------+----------------+-----
Axes           | 3 4 5 |  5.5
Shields        | 4 5 |  5.0
Fighting       | 4 5 |  5.0
Armour         | 4 5 |  5.0

Action                   |  1- 3 |  4- 6 || total
-------------------------+-------+-------++-------
Melee: War axe           |    59 |    70 ||   129
       Headbutt          |     9 |     9 ||    18
  Eat: Chunk             |       |     5 ||     5
Armor: Scale mail        |    26 |    20 ||    46
Dodge: Dodged            |    15 |    19 ||    34
Block: Shield            |    25 |    32 ||    57

Table legend:
 A = Spawn XP
 B = Non-spawn XP
 C = Spawn XP percentage of total XP
 D = Spawn monster count
 E = Non-spawn monster count
 F = Spawn count percentage of total count
 G = Total turns spent on level
                    A         B        C        D         E        F      G
               +---------+---------+-------+---------+---------+-------+---------
         Total |       0 |     504 |   0.0 |       0 |      54 |   0.0 |  2327
               +---------+---------+-------+---------+---------+-------+---------
           D:1 |       0 |      44 |   0.0 |       0 |      22 |   0.0 |   694
           D:2 |       0 |     142 |   0.0 |       0 |      18 |   0.0 |   724
           D:3 |       0 |      79 |   0.0 |       0 |      12 |   0.0 |   797
           D:4 |       0 |     239 |   0.0 |       0 |       2 |   0.0 |   112
               +---------+---------+-------+---------+---------+-------+---------
